ANAHEIM vs DETROIT

Created - Thursday, December 28, 2017 at 00:56

Goals
1 2 3 T
ANAHEIM 1 0 2 3
DETROIT 3 0 3 6
Shots
1 2 3 T
ANAHEIM 8 7 6 21
DETROIT 9 12 19 40

1st period

1. DETROIT , T.J. Oshie 13 (Steven Stamkos 12, Ryan Murray 12) at 5:24
2. ANAHEIM , Connor McDavid 12 (Mike Green 13, Evgeny Kuznetsov 17) at 9:05
3. DETROIT , Alex Galchenyuk 11 (Dustin Brown 13, Ryan Murray 13) at 9:19
4. DETROIT , Luke Glendening 12 (Oscar Klefbom 16, Taylor Hall 19) at 12:02

Penalties :
Kyle Palmieri (DET) for Roughing (Minor) at 1:02, Lee Stempniak (ANA) for Holding Stick (Minor) at 10:01

2nd period

No Goal

Penalties :
Matt Martin (DET) for Roughing (Minor) at 6:20, Kris Russell (ANA) for Holding Stick (Minor) at 8:55

3rd period

5. ANAHEIM , Kris Russell 1 (Alexandre Burrows 4, Jacob Josefson 2) at 7:22
6. ANAHEIM , Kris Russell 2 (Gustav Nyquist 7, Brett Ritchie 2) at 7:41
7. DETROIT , Alex Galchenyuk 12 (Josh Gorges 7, Dustin Brown 14) at 11:55
8. DETROIT , Taylor Hall 11 (Steven Stamkos 13, Oscar Klefbom 17) at 18:05
9. DETROIT , Aaron Ekblad 6 (T.J. Oshie 18, Oscar Klefbom 18) at 19:05

Penalties :
Karl Alzner (ANA) for Interference (Minor) at 3:26, T.J. Oshie (DET) for Hooking (Minor) at 8:27

Goalie Stats

Cam Talbot (ANA), 34 saves from 40 shots - (0.850), L, 14-9-6, 60:00 minutes
Michael Hutchinson (DET), 18 saves from 21 shots - (0.857), W, 3-2-0, 60:00 minutes

Players Stats for ANAHEIM

Player Name              G  A  P  +/- PIM S  H  SB GA TA FO     MP     PP MP  PK MP  
------------------------------------------------------------------------------------
Alexandre Burrows        0  1  1  -1  0   0  0  0  0  0  0/0    11:31   0:00   0:00 
Andrew Shaw              0  0  0  -2  0   1  1  0  0  0  4/11    6:48   0:00   0:00 
Anton Stralman           0  0  0   0  0   0  2  0  0  0  0/0    26:23   2:55   3:52 
Ben Lovejoy              0  0  0  -1  0   0  2  0  0  0  0/0    20:24   3:02   2:05 
Benoit Pouliot           0  0  0   0  0   0  0  0  0  0  0/0     0:00   0:00   0:00 
Brett Ritchie            0  1  1  -2  0   1  0  0  0  0  0/0     6:48   0:00   0:00 
Connor McDavid           1  0  1   0  0   5  0  2  0  0  15/29  23:01   2:35   4:40 
David Perron             0  0  0   0  0   2  5  0  0  0  1/2    14:27   0:00   0:26 
Erik Gudbranson          0  0  0  -2  0   1  1  3  0  0  0/0    14:38   0:00   1:25 
Evgeny Kuznetsov         0  1  1   0  0   1  2  0  0  0  4/7    23:42   3:22   4:34 
Gustav Nyquist           0  1  1  -2  0   0  0  0  0  0  1/1    10:10   3:22   0:00 
Jacob Josefson           0  1  1  -1  0   0  0  0  0  0  8/13   11:31   0:00   0:00 
Karl Alzner              0  0  0   0  2   1  2  1  0  0  0/0    24:49   2:47   2:27 
Kris Russell             2  0  2  -2  2   3  1  2  0  0  0/0    13:20   0:08   0:00 
Lee Stempniak            0  0  0  -1  2   3  2  0  0  0  2/4    15:02   2:35   0:57 
Michael Frolik           0  0  0   0  0   2  2  0  0  0  0/0    17:53   2:35   1:17 
Mike Green               0  1  1  -1  0   1  1  0  0  0  0/0    20:24   3:02   2:05 
Sam Reinhart             0  0  0   0  0   0  0  0  0  0  5/12   14:01   0:00   0:00 
Thomas Vanek             0  0  0   0  0   0  0  0  0  0  0/2    19:08   3:22   0:00 

Players Stats for DETROIT

Player Name              G  A  P  +/- PIM S  H  SB GA TA FO     MP     PP MP  PK MP  
------------------------------------------------------------------------------------
Aaron Ekblad             1  0  1   0  0   2  1  3  0  0  0/0    26:09   3:31   2:43 
Alex Galchenyuk          2  0  2   1  0   10 0  0  0  0  11/24  17:28   2:38   0:00 
Cody Goloubef            0  0  0   0  0   0  0  0  0  0  0/0    12:51   0:00   0:00 
Dustin Brown             0  2  2   1  0   3  2  0  0  0  2/2    19:12   2:38   1:44 
Jay McClement            0  0  0   0  0   0  0  0  0  0  0/0     4:33   0:00   0:46 
Josh Gorges              0  1  1   3  0   0  4  2  0  0  0/0    21:00   2:26   3:14 
Kyle Brodziak            0  0  0   0  0   1  0  0  0  0  3/10    8:32   3:19   1:26 
Kyle Palmieri            0  0  0   1  2   2  2  0  0  0  2/2    18:07   2:38   0:40 
Luke Glendening          1  0  1   0  0   4  0  0  0  0  10/15  11:35   0:00   0:00 
Matt Martin              0  0  0   0  2   0  2  0  0  0  0/0     4:03   0:00   0:17 
Nick Schultz             0  0  0   0  0   0  1  1  0  0  0/0    12:51   0:00   0:00 
Oscar Klefbom            0  3  3   0  0   1  0  3  0  0  0/0    23:32   3:31   2:43 
Ryan Murray              0  2  2   3  0   0  0  1  0  0  0/0    20:57   2:26   3:14 
Ryan Pulock              0  0  0   0  0   0  0  0  0  0  0/0     2:40   0:00   0:00 
Ryan Reaves              0  0  0   0  0   1  1  0  0  0  0/0    11:35   0:00   0:00 
Steven Stamkos           0  2  2   2  0   4  0  0  0  0  9/17   17:54   0:00   0:00 
T.J. Oshie               1  1  2   2  2   5  1  1  0  0  1/4    23:20   3:19   2:08 
Taylor Hall              1  1  2   2  0   5  0  0  0  0  3/6    24:34   3:19   3:21 
Valeri Nichushkin        0  0  0   0  0   0  0  0  0  0  0/0     0:00   0:00   0:00 
Yanni Gourde             0  0  0   0  0   2  0  0  0  0  0/1    13:07   0:00   1:32 

3 Stars

1 - Alex Galchenyuk (DET)
2 - Taylor Hall (DET)
3 - Josh Gorges (DET)

Power Play

ANAHEIM - 0 on 3 Attempt(s) - 0.00%
DETROIT - 0 on 3 Attempt(s) - 0.00%

Penalty Kill

ANAHEIM - 3 on 3 Attempt(s) - 100.00% - Score 0 goal in Penalty Kill
DETROIT - 3 on 3 Attempt(s) - 100.00% - Score 0 goal in Penalty Kill

Team Stat

ANAHEIM - Hits : 21 - Faceoff Wins : 40 - Blocked Shots : 8 - Penalty Minutes : 6
DETROIT - Hits : 14 - Faceoff Wins : 41 - Blocked Shots : 11 - Penalty Minutes : 6

Official

Referees : Unknown
Linesman : Unknown

Game Notes

No Game Note

Finance

Level 1 -- Attendance: 4093 (68.22%) -- Ticket Income $450,230
Level 2 -- Attendance: 3823 (76.46%) -- Ticket Income $229,380
Level 3 -- Attendance: 1522 (76.10%) -- Ticket Income $60,880
Level 4 -- Attendance: 2677 (66.93%) -- Ticket Income $66,925
Luxury Box -- Attendance: 1000 (100.00%) -- Ticket Income $180,000
Game was played at the Little Caesars Arena.
Total Attendance: 13115 (72.86%)
Total Ticket Income: $987,415
Total Income: $987,415

ANAHEIM

5 vs 5 Forward 
   Center                   Left Wing                Right Wing               Time % Phy DF OF 
 1 Connor McDavid           Thomas Vanek             Evgeny Kuznetsov         35     0   2  3  
 2 Sam Reinhart             Michael Frolik           David Perron             30     0   2  3  
 3 Jacob Josefson           Alexandre Burrows        Lee Stempniak            25     1   2  2  
 4 Andrew Shaw              Gustav Nyquist           Brett Ritchie            10     2   2  1  

5 vs 5 Defense 
   Defense                  Defense                                           Time % Phy DF OF 
 1 Anton Stralman           Karl Alzner                                       35     1   2  2  
 2 Mike Green               Ben Lovejoy                                       30     1   2  2  
 3 Kris Russell             Erik Gudbranson                                   25     1   2  2  
 4 Anton Stralman           Karl Alzner                                       10     1   2  2  

PowerPlay Forward 
   Center                   Left Wing                Right Wing               Time % Phy DF OF 
 1 Connor McDavid           Michael Frolik           Lee Stempniak            60     1   2  2  
 2 Evgeny Kuznetsov         Thomas Vanek             Gustav Nyquist           40     1   2  2  

PowerPlay Defense
   Defense                  Defense                                           Time % Phy DF OF 
 1 Anton Stralman           Karl Alzner                                       60     1   2  2  
 2 Mike Green               Ben Lovejoy                                       40     1   2  2  

Penalty Kill 4 Players Forward 
   Center                   Wing                     Time % Phy DF OF 
 1 Connor McDavid           Evgeny Kuznetsov         60     1   2  2  
 2 Lee Stempniak            Michael Frolik           40     1   2  2  

Penalty Kill 4 Players Defense
   Defense                  Defense                  Time % Phy DF OF 
 1 Anton Stralman           Karl Alzner              60     1   2  2  
 2 Mike Green               Ben Lovejoy              40     1   2  2  

Penalty Kill - 3 Players Forward 
   Forward                                           Time % Phy DF OF 
 1 Connor McDavid                                    60     1   2  2  
 2 Evgeny Kuznetsov                                  40     1   2  2  

Penalty Kill - 3 Players Defense
   Defense                  Defense                  Time % Phy DF OF 
 1 Anton Stralman           Karl Alzner              60     1   2  2  
 2 Mike Green               Ben Lovejoy              40     1   2  2  

4 vs 4 Forward 
   Center                   Wing                     Time % Phy DF OF 
 1 Connor McDavid           Evgeny Kuznetsov         60     1   2  2  
 2 Lee Stempniak            Michael Frolik           40     1   2  2  

4 vs 4 Defense
   Defense                  Defense                  Time % Phy DF OF 
 1 Anton Stralman           Karl Alzner              60     1   2  2  
 2 Mike Green               Ben Lovejoy              40     1   2  2  

Last Minutes Offensive
   Center                   Left Wing                Right Wing               Defense                  Defense                  
   Connor McDavid           Michael Frolik           Lee Stempniak            Anton Stralman           Karl Alzner              

Last Minutes Defensive
   Center                   Left Wing                Right Wing               Defense                  Defense                  
   Connor McDavid           Michael Frolik           Lee Stempniak            Anton Stralman           Karl Alzner              

Goaltenders
Starting : Cam Talbot               
Backup : Peter Budaj              

Extra Forwards
Normal : Jacob Josefson, Sam Reinhart, David Perron - PP : Jacob Josefson, Sam Reinhart - PK : David Perron
Extra Defensemen
Normal : Kris Russell, Erik Gudbranson, Mike Green - PP : Kris Russell - PK : Erik Gudbranson, Mike Green
Penalty Shots
Connor McDavid, Evgeny Kuznetsov, Thomas Vanek, David Perron, Sam Reinhart

Scratches
ANA CAP HIT (Suspend), Mark Fayne (Healthy)

DETROIT

5 vs 5 Forward 
   Center                   Left Wing                Right Wing               Time % Phy DF OF 
 1 Steven Stamkos           Taylor Hall              T.J. Oshie               35     1   2  2  
 2 Alex Galchenyuk          Dustin Brown             Kyle Palmieri            30     1   2  2  
 3 Luke Glendening          Yanni Gourde             Ryan Reaves              25     1   3  1  
 4 Kyle Brodziak            Matt Martin              Jay McClement            10     1   3  1  

5 vs 5 Defense 
   Defense                  Defense                                           Time % Phy DF OF 
 1 Aaron Ekblad             Oscar Klefbom                                     35     1   2  2  
 2 Josh Gorges              Ryan Murray                                       30     1   2  2  
 3 Nick Schultz             Cody Goloubef                                     25     1   2  2  
 4 Ryan Pulock              Aaron Ekblad                                      10     1   2  2  

PowerPlay Forward 
   Center                   Left Wing                Right Wing               Time % Phy DF OF 
 1 Kyle Brodziak            Taylor Hall              T.J. Oshie               60     1   2  2  
 2 Alex Galchenyuk          Dustin Brown             Kyle Palmieri            40     1   2  2  

PowerPlay Defense
   Defense                  Defense                                           Time % Phy DF OF 
 1 Aaron Ekblad             Oscar Klefbom                                     60     1   2  2  
 2 Josh Gorges              Ryan Murray                                       40     1   2  2  

Penalty Kill 4 Players Forward 
   Center                   Wing                     Time % Phy DF OF 
 1 Taylor Hall              T.J. Oshie               60     1   2  2  
 2 Kyle Brodziak            Kyle Palmieri            40     1   2  2  

Penalty Kill 4 Players Defense
   Defense                  Defense                  Time % Phy DF OF 
 1 Aaron Ekblad             Oscar Klefbom            60     1   2  2  
 2 Josh Gorges              Ryan Murray              40     1   2  2  

Penalty Kill - 3 Players Forward 
   Forward                                           Time % Phy DF OF 
 1 T.J. Oshie                                        60     1   2  2  
 2 Kyle Brodziak                                     40     1   2  2  

Penalty Kill - 3 Players Defense
   Defense                  Defense                  Time % Phy DF OF 
 1 Aaron Ekblad             Oscar Klefbom            60     1   2  2  
 2 Josh Gorges              Ryan Murray              40     1   2  2  

4 vs 4 Forward 
   Center                   Wing                     Time % Phy DF OF 
 1 Kyle Brodziak            T.J. Oshie               60     1   2  2  
 2 Taylor Hall              Kyle Palmieri            40     1   2  2  

4 vs 4 Defense
   Defense                  Defense                  Time % Phy DF OF 
 1 Aaron Ekblad             Oscar Klefbom            60     1   2  2  
 2 Josh Gorges              Ryan Murray              40     1   2  2  

Last Minutes Offensive
   Center                   Left Wing                Right Wing               Defense                  Defense                  
   Steven Stamkos           Taylor Hall              T.J. Oshie               Aaron Ekblad             Oscar Klefbom            

Last Minutes Defensive
   Center                   Left Wing                Right Wing               Defense                  Defense                  
   Steven Stamkos           Taylor Hall              T.J. Oshie               Aaron Ekblad             Oscar Klefbom            

Goaltenders
Starting : Michael Hutchinson       
Backup : John Gibson              

Extra Forwards
Normal : Luke Glendening, Kyle Brodziak, Yanni Gourde - PP : Luke Glendening, Kyle Brodziak - PK : Yanni Gourde
Extra Defensemen
Normal : Nick Schultz, Cody Goloubef, Ryan Pulock - PP : Nick Schultz - PK : Cody Goloubef, Ryan Pulock
Penalty Shots
Steven Stamkos, T.J. Oshie, Taylor Hall, Kyle Palmieri, Dustin Brown

Scratches
DET CAP HIT (Suspend)

% Time on Ice - ANAHEIM

Lines # - Real PCT - Wanted PCT - Time Play
Normal Forward
1 - 33% - 35% - 15:46
2 - 29% - 30% - 14:01
3 - 24% - 25% - 11:31
4 - 14% - 10% - 6:48
Normal Defense
1 - 36% - 35% - 17:09
2 - 32% - 30% - 15:17
3 - 27% - 25% - 13:13
4 - 5% - 10% - 2:27
PP Forward
1 - 43% - 60% - 2:35
2 - 57% - 40% - 3:22
PP Defense
1 - 49% - 60% - 2:55
2 - 51% - 40% - 3:02
PK Forward
1 - 78% - 60% - 4:40
2 - 22% - 40% - 1:17
PK Defense
1 - 65% - 60% - 3:52
2 - 35% - 40% - 2:05
PK3 Forward
1 - 0% - 60%
2 - 0% - 40%
PK3 Defense
1 - 0% - 60%
2 - 0% - 40%
44 Forward
1 - 0% - 60%
2 - 0% - 40%
44 Defense
1 - 0% - 60%
2 - 0% - 40%
Last Minute Offensive  - 0:00
Last Minute Defensive  - 0:00
Total
Forward - 60:00
Defense - 60:00

% Time on Ice - DETROIT

Lines # - Real PCT - Wanted PCT - Time Play
Normal Forward
1 - 37% - 35% - 17:54
2 - 31% - 30% - 14:50
3 - 24% - 25% - 11:35
4 - 8% - 10% - 3:47
Normal Defense
1 - 36% - 35% - 17:18
2 - 32% - 30% - 15:17
3 - 27% - 25% - 12:51
4 - 6% - 10% - 2:40
PP Forward
1 - 56% - 60% - 3:19
2 - 44% - 40% - 2:38
PP Defense
1 - 59% - 60% - 3:31
2 - 41% - 40% - 2:26
PK Forward
1 - 76% - 60% - 4:31
2 - 24% - 40% - 1:26
PK Defense
1 - 46% - 60% - 2:43
2 - 54% - 40% - 3:14
PK3 Forward
1 - 0% - 60%
2 - 0% - 40%
PK3 Defense
1 - 0% - 60%
2 - 0% - 40%
44 Forward
1 - 0% - 60%
2 - 0% - 40%
44 Defense
1 - 0% - 60%
2 - 0% - 40%
Last Minute Offensive  - 0:00
Last Minute Defensive  - 0:00
Total
Forward - 60:00
Defense - 60:00

Play by Play

1st period


0:01 of 1st period - Connor McDavid wins face-off versus Steven Stamkos in neutral zone.
0:04 of 1st period - Oscar Klefbom is hit by Evgeny Kuznetsov and loses puck.
0:53 of 1st period - Taylor Hall is hit by Mike Green.
1:00 of 1st period - Icing by Ben Lovejoy.
1:01 of 1st period - Sam Reinhart wins face-off versus Alex Galchenyuk in ANAHEIM zone.
1:01 of 1st period - Sam Reinhart is hit by Kyle Palmieri.
1:02 of 1st period - Minor Penalty to Kyle Palmieri for Roughing.
1:03 of 1st period - Connor McDavid wins face-off versus Taylor Hall in DETROIT zone.
1:18 of 1st period - Shot by Mike Green.
1:18 of 1st period - Shot Blocked by T.J. Oshie.
1:20 of 1st period - Shot by Michael Frolik.
1:20 of 1st period - Stopped by Michael Hutchinson without a rebound.
1:21 of 1st period - Evgeny Kuznetsov wins face-off versus Kyle Brodziak in DETROIT zone.
3:03 of 1st period - Shot by Connor McDavid.
3:03 of 1st period - Stopped by Michael Hutchinson with a rebound.
3:16 of 1st period - Dustin Brown is hit by Kris Russell.
3:49 of 1st period - Off-side.
3:50 of 1st period - Luke Glendening wins face-off versus Sam Reinhart in neutral zone.
4:28 of 1st period - Icing by Aaron Ekblad.
4:29 of 1st period - Luke Glendening wins face-off versus Andrew Shaw in DETROIT zone.
5:24 of 1st period - Shot by T.J. Oshie.
5:24 of 1st period - Goal by T.J. Oshie - ANAHEIM : 0 - DETROIT : 1.
5:25 of 1st period - Alex Galchenyuk wins face-off versus Connor McDavid in neutral zone.
6:26 of 1st period - Shot by Kyle Brodziak.
6:26 of 1st period - Shot Misses the Net.
6:38 of 1st period - Shot by Aaron Ekblad.
6:38 of 1st period - Shot Misses the Net.
6:46 of 1st period - Kyle Brodziak is hit by David Perron and loses puck.
7:23 of 1st period - Shot by Luke Glendening.
7:23 of 1st period - Shot Misses the Net.
8:20 of 1st period - Taylor Hall is hit by Anton Stralman.
8:42 of 1st period - Taylor Hall is hit by Ben Lovejoy and loses puck.
9:05 of 1st period - Shot by Connor McDavid.
9:05 of 1st period - Goal by Connor McDavid - ANAHEIM : 1 - DETROIT : 1.
9:06 of 1st period - Alex Galchenyuk wins face-off versus Andrew Shaw in neutral zone.
9:17 of 1st period - Shot by Alex Galchenyuk.
9:17 of 1st period - Stopped by Cam Talbot with a rebound.
9:19 of 1st period - Shot by Alex Galchenyuk.
9:19 of 1st period - Goal by Alex Galchenyuk - ANAHEIM : 1 - DETROIT : 2.
9:20 of 1st period - Connor McDavid wins face-off versus Kyle Brodziak in neutral zone.
9:20 of 1st period - Thomas Vanek is hit by Matt Martin and loses puck.
9:24 of 1st period - Connor McDavid is hit by Aaron Ekblad.
9:43 of 1st period - Icing by Connor McDavid.
9:44 of 1st period - Connor McDavid wins face-off versus T.J. Oshie in ANAHEIM zone.
9:46 of 1st period - Icing by Thomas Vanek.
9:47 of 1st period - Alex Galchenyuk wins face-off versus Connor McDavid in ANAHEIM zone.
9:53 of 1st period - Icing by Connor McDavid.
9:54 of 1st period - Connor McDavid wins face-off versus Steven Stamkos in ANAHEIM zone.
10:00 of 1st period - Off-side.
10:01 of 1st period - Steven Stamkos wins face-off versus Jacob Josefson in neutral zone.
10:01 of 1st period - Minor Penalty to Lee Stempniak for Holding Stick.
10:02 of 1st period - Kyle Brodziak wins face-off versus Connor McDavid in ANAHEIM zone.
10:05 of 1st period - Shot by Taylor Hall.
10:05 of 1st period - Shot Hit the Post.
10:22 of 1st period - Icing by Taylor Hall.
10:23 of 1st period - Connor McDavid wins face-off versus Kyle Brodziak in DETROIT zone.
10:26 of 1st period - Shot by Connor McDavid.
10:26 of 1st period - Stopped by Michael Hutchinson without a rebound.
10:27 of 1st period - Alex Galchenyuk wins face-off versus Evgeny Kuznetsov in DETROIT zone.
10:27 of 1st period - Alex Galchenyuk is hit by Karl Alzner.
10:33 of 1st period - Shot by Alex Galchenyuk.
10:33 of 1st period - Stopped by Cam Talbot without a rebound.
10:34 of 1st period - T.J. Oshie wins face-off versus Evgeny Kuznetsov in ANAHEIM zone.
10:49 of 1st period - Shot by Aaron Ekblad.
10:49 of 1st period - Stopped by Cam Talbot without a rebound.
10:50 of 1st period - Alex Galchenyuk wins face-off versus Connor McDavid in ANAHEIM zone.
11:13 of 1st period - Josh Gorges is hit by Evgeny Kuznetsov and loses puck.
11:20 of 1st period - Shot by Ryan Murray.
11:20 of 1st period - Shot Blocked by Connor McDavid.
11:58 of 1st period - Shot by Taylor Hall.
11:58 of 1st period - Shot Misses the Net.
12:02 of 1st period - Shot by Luke Glendening.
12:02 of 1st period - Goal by Luke Glendening - ANAHEIM : 1 - DETROIT : 3.
12:03 of 1st period - Luke Glendening wins face-off versus Jacob Josefson in neutral zone.
12:32 of 1st period - Shot by Lee Stempniak.
12:32 of 1st period - Shot Misses the Net.
12:34 of 1st period - Shot by Kris Russell.
12:34 of 1st period - Stopped by Michael Hutchinson without a rebound.
12:35 of 1st period - Steven Stamkos wins face-off versus Sam Reinhart in DETROIT zone.
12:35 of 1st period - Steven Stamkos is hit by David Perron.
12:56 of 1st period - Icing by Karl Alzner.
12:57 of 1st period - Alex Galchenyuk wins face-off versus Sam Reinhart in ANAHEIM zone.
14:25 of 1st period - Icing by Oscar Klefbom.
14:26 of 1st period - Jacob Josefson wins face-off versus Steven Stamkos in DETROIT zone.
14:56 of 1st period - Shot by Lee Stempniak.
14:56 of 1st period - Shot Misses the Net.
15:24 of 1st period - Shot by Michael Frolik.
15:24 of 1st period - Shot Misses the Net.
15:34 of 1st period - Taylor Hall is hit by Michael Frolik and loses puck.
15:43 of 1st period - Shot by David Perron.
15:43 of 1st period - Stopped by Michael Hutchinson with a rebound.
15:53 of 1st period - Shot by Sam Reinhart.
15:53 of 1st period - Deflect By David Perron.
15:53 of 1st period - Shot Misses the Net.
15:55 of 1st period - Shot by Anton Stralman.
15:55 of 1st period - Shot Misses the Net.
15:57 of 1st period - Shot by Michael Frolik.
15:57 of 1st period - Shot Blocked by Aaron Ekblad.
16:15 of 1st period - Shot by Evgeny Kuznetsov.
16:15 of 1st period - Shot Misses the Net.
16:17 of 1st period - Shot by Thomas Vanek.
16:17 of 1st period - Shot Misses the Net.
16:19 of 1st period - Shot by Connor McDavid.
16:19 of 1st period - Shot Blocked by Oscar Klefbom.
16:21 of 1st period - Shot by Connor McDavid.
16:21 of 1st period - Shot Misses the Net.
16:23 of 1st period - Shot by Connor McDavid.
16:23 of 1st period - Stopped by Michael Hutchinson with a rebound.
17:06 of 1st period - Icing by Erik Gudbranson.
17:07 of 1st period - Luke Glendening wins face-off versus Andrew Shaw in ANAHEIM zone.
17:18 of 1st period - Shot by Luke Glendening.
17:18 of 1st period - Shot Misses the Net.
17:38 of 1st period - Shot by Luke Glendening.
17:38 of 1st period - Stopped by Cam Talbot with a rebound.
18:08 of 1st period - Shot by Dustin Brown.
18:08 of 1st period - Stopped by Cam Talbot without a rebound.
18:09 of 1st period - Sam Reinhart wins face-off versus Kyle Brodziak in ANAHEIM zone.
18:23 of 1st period - Shot by Sam Reinhart.
18:23 of 1st period - Shot Misses the Net.
18:25 of 1st period - Shot by Ben Lovejoy.
18:25 of 1st period - Shot Blocked by Ryan Murray.
18:27 of 1st period - Shot by David Perron.
18:27 of 1st period - Stopped by Michael Hutchinson with a rebound.
19:40 of 1st period - Shot by Alex Galchenyuk.
19:40 of 1st period - Stopped by Cam Talbot with a rebound.
19:59 of 1st period - Icing by Connor McDavid.
Goals for this period are 1 for ANAHEIM vs 3 for DETROIT.
Shots for this period are 8 for ANAHEIM vs 9 for DETROIT.

2nd period


0:01 of 2nd period - Jacob Josefson wins face-off versus Luke Glendening in neutral zone.
0:22 of 2nd period - Shot by Yanni Gourde.
0:22 of 2nd period - Stopped by Cam Talbot without a rebound.
0:23 of 2nd period - Connor McDavid wins face-off versus Alex Galchenyuk in ANAHEIM zone.
0:25 of 2nd period - Mike Green is hit by Dustin Brown and loses puck.
0:54 of 2nd period - Shot by Dustin Brown.
0:54 of 2nd period - Deflect By Kyle Palmieri.
0:54 of 2nd period - Stopped by Cam Talbot without a rebound.
0:55 of 2nd period - Jacob Josefson wins face-off versus Luke Glendening in ANAHEIM zone.
1:24 of 2nd period - Shot by Lee Stempniak.
1:24 of 2nd period - Stopped by Michael Hutchinson without a rebound.
1:25 of 2nd period - Alex Galchenyuk wins face-off versus Sam Reinhart in DETROIT zone.
1:25 of 2nd period - Alex Galchenyuk is hit by David Perron.
2:47 of 2nd period - Shot by T.J. Oshie.
2:47 of 2nd period - Stopped by Cam Talbot without a rebound.
2:48 of 2nd period - Luke Glendening wins face-off versus Connor McDavid in ANAHEIM zone.
2:51 of 2nd period - Shot by Yanni Gourde.
2:51 of 2nd period - Stopped by Cam Talbot without a rebound.
2:52 of 2nd period - Connor McDavid wins face-off versus Luke Glendening in ANAHEIM zone.
2:52 of 2nd period - Evgeny Kuznetsov is hit by Ryan Reaves and loses puck.
3:14 of 2nd period - Luke Glendening is hit by Karl Alzner and loses puck.
3:17 of 2nd period - Shot by Luke Glendening.
3:17 of 2nd period - Stopped by Cam Talbot with a rebound.
3:21 of 2nd period - Shot by Luke Glendening.
3:21 of 2nd period - Shot Misses the Net.
4:57 of 2nd period - Shot by Mike Green.
4:57 of 2nd period - Shot Misses the Net.
4:59 of 2nd period - Shot by Brett Ritchie.
4:59 of 2nd period - Stopped by Michael Hutchinson with a rebound.
5:01 of 2nd period - Shot by Mike Green.
5:01 of 2nd period - Stopped by Michael Hutchinson without a rebound.
5:02 of 2nd period - Dustin Brown wins face-off versus Sam Reinhart in DETROIT zone.
5:33 of 2nd period - Shot by Alex Galchenyuk.
5:33 of 2nd period - Shot Misses the Net.
6:03 of 2nd period - Shot by Yanni Gourde.
6:03 of 2nd period - Deflect By Ryan Reaves.
6:03 of 2nd period - Stopped by Cam Talbot without a rebound.
6:04 of 2nd period - Kyle Brodziak wins face-off versus Connor McDavid in ANAHEIM zone.
6:20 of 2nd period - Minor Penalty to Matt Martin for Roughing.
6:21 of 2nd period - Evgeny Kuznetsov wins face-off versus Taylor Hall in DETROIT zone.
6:57 of 2nd period - Shot by Evgeny Kuznetsov.
6:57 of 2nd period - Stopped by Michael Hutchinson without a rebound.
6:58 of 2nd period - Taylor Hall wins face-off versus Connor McDavid in DETROIT zone.
6:58 of 2nd period - Taylor Hall is hit by Michael Frolik.
7:30 of 2nd period - T.J. Oshie is hit by Lee Stempniak and loses puck.
8:55 of 2nd period - Minor Penalty to Kris Russell for Holding Stick.
8:56 of 2nd period - Dustin Brown wins face-off versus Connor McDavid in ANAHEIM zone.
9:07 of 2nd period - Shot by Alex Galchenyuk.
9:07 of 2nd period - Stopped by Cam Talbot without a rebound.
9:08 of 2nd period - Connor McDavid wins face-off versus T.J. Oshie in ANAHEIM zone.
10:07 of 2nd period - Shot by Alex Galchenyuk.
10:07 of 2nd period - Stopped by Cam Talbot without a rebound.
10:08 of 2nd period - Connor McDavid wins face-off versus Alex Galchenyuk in ANAHEIM zone.
10:13 of 2nd period - Shot by Kyle Palmieri.
10:13 of 2nd period - Stopped by Cam Talbot without a rebound.
10:14 of 2nd period - Alex Galchenyuk wins face-off versus Evgeny Kuznetsov in ANAHEIM zone.
10:21 of 2nd period - Shot by Dustin Brown.
10:21 of 2nd period - Stopped by Cam Talbot without a rebound.
10:22 of 2nd period - Lee Stempniak wins face-off versus Alex Galchenyuk in ANAHEIM zone.
11:25 of 2nd period - Shot by Taylor Hall.
11:25 of 2nd period - Stopped by Cam Talbot without a rebound.
11:26 of 2nd period - Sam Reinhart wins face-off versus Luke Glendening in ANAHEIM zone.
11:37 of 2nd period - Icing by Cody Goloubef.
11:38 of 2nd period - Luke Glendening wins face-off versus Andrew Shaw in DETROIT zone.
11:38 of 2nd period - Luke Glendening is hit by Andrew Shaw.
12:37 of 2nd period - Shot by Connor McDavid.
12:37 of 2nd period - Shot Misses the Net.
13:14 of 2nd period - Icing by Nick Schultz.
13:15 of 2nd period - Luke Glendening wins face-off versus Sam Reinhart in DETROIT zone.
13:15 of 2nd period - Luke Glendening is hit by David Perron.
14:43 of 2nd period - Shot by Taylor Hall.
14:43 of 2nd period - Shot Misses the Net.
15:06 of 2nd period - Icing by Lee Stempniak.
15:07 of 2nd period - Jacob Josefson wins face-off versus Kyle Brodziak in ANAHEIM zone.
15:07 of 2nd period - Jacob Josefson is hit by Matt Martin.
15:15 of 2nd period - Shot by Alexandre Burrows.
15:15 of 2nd period - Shot Misses the Net.
15:23 of 2nd period - Shot by Kyle Brodziak.
15:23 of 2nd period - Stopped by Cam Talbot without a rebound.
15:24 of 2nd period - Connor McDavid wins face-off versus Alex Galchenyuk in ANAHEIM zone.
15:44 of 2nd period - Off-side.
15:45 of 2nd period - Steven Stamkos wins face-off versus Andrew Shaw in neutral zone.
15:58 of 2nd period - Shot by Taylor Hall.
15:58 of 2nd period - Shot Blocked by Kris Russell.
16:05 of 2nd period - Icing by Gustav Nyquist.
16:06 of 2nd period - Andrew Shaw wins face-off versus Alex Galchenyuk in ANAHEIM zone.
16:26 of 2nd period - Shot by Andrew Shaw.
16:26 of 2nd period - Stopped by Michael Hutchinson without a rebound.
16:27 of 2nd period - Steven Stamkos wins face-off versus Connor McDavid in DETROIT zone.
16:36 of 2nd period - Shot by T.J. Oshie.
16:36 of 2nd period - Deflect By Taylor Hall.
16:36 of 2nd period - Shot Misses the Net.
16:56 of 2nd period - Shot by Thomas Vanek.
16:56 of 2nd period - Shot Misses the Net.
16:58 of 2nd period - Shot by Connor McDavid.
16:58 of 2nd period - Shot Misses the Net.
17:34 of 2nd period - Shot by Mike Green.
17:34 of 2nd period - Shot Misses the Net.
17:36 of 2nd period - Shot by David Perron.
17:36 of 2nd period - Shot Misses the Net.
17:42 of 2nd period - Shot by Michael Frolik.
17:42 of 2nd period - Shot Blocked by Josh Gorges.
18:12 of 2nd period - Alex Galchenyuk is hit by Erik Gudbranson and loses puck.
18:21 of 2nd period - Shot by Alexandre Burrows.
18:21 of 2nd period - Shot Misses the Net.
18:39 of 2nd period - Shot by Lee Stempniak.
18:39 of 2nd period - Stopped by Michael Hutchinson with a rebound.
18:41 of 2nd period - Shot by Erik Gudbranson.
18:41 of 2nd period - Stopped by Michael Hutchinson without a rebound.
18:42 of 2nd period - Luke Glendening wins face-off versus Andrew Shaw in DETROIT zone.
19:01 of 2nd period - Icing by Anton Stralman.
19:02 of 2nd period - Steven Stamkos wins face-off versus Andrew Shaw in ANAHEIM zone.
19:03 of 2nd period - Shot by Taylor Hall.
19:03 of 2nd period - Shot Misses the Net.
19:49 of 2nd period - Shot by Evgeny Kuznetsov.
19:49 of 2nd period - Shot Blocked by Oscar Klefbom.
Goals for this period are 0 for ANAHEIM vs 0 for DETROIT.
Shots for this period are 7 for ANAHEIM vs 12 for DETROIT.

3rd period


0:01 of 3rd period - Alex Galchenyuk wins face-off versus Thomas Vanek in neutral zone.
0:24 of 3rd period - Off-side.
0:25 of 3rd period - Jacob Josefson wins face-off versus Steven Stamkos in neutral zone.
0:58 of 3rd period - Shot by T.J. Oshie.
0:58 of 3rd period - Stopped by Cam Talbot without a rebound.
0:59 of 3rd period - Alex Galchenyuk wins face-off versus Connor McDavid in ANAHEIM zone.
1:38 of 3rd period - Shot by Connor McDavid.
1:38 of 3rd period - Shot Misses the Net.
1:40 of 3rd period - Shot by Thomas Vanek.
1:40 of 3rd period - Shot Misses the Net.
1:42 of 3rd period - Shot by Karl Alzner.
1:42 of 3rd period - Stopped by Michael Hutchinson without a rebound.
1:43 of 3rd period - David Perron wins face-off versus Steven Stamkos in DETROIT zone.
1:43 of 3rd period - Michael Frolik is hit by Josh Gorges and loses puck.
1:47 of 3rd period - Sam Reinhart is hit by Josh Gorges and loses puck.
2:10 of 3rd period - David Perron is hit by T.J. Oshie and loses puck.
2:19 of 3rd period - Shot by Sam Reinhart.
2:19 of 3rd period - Shot Misses the Net.
2:35 of 3rd period - Icing by T.J. Oshie.
2:36 of 3rd period - Steven Stamkos wins face-off versus Jacob Josefson in DETROIT zone.
2:36 of 3rd period - Steven Stamkos is hit by Lee Stempniak.
2:49 of 3rd period - Icing by Anton Stralman.
2:50 of 3rd period - Luke Glendening wins face-off versus Jacob Josefson in ANAHEIM zone.
2:50 of 3rd period - Luke Glendening is hit by Anton Stralman.
2:52 of 3rd period - Shot by Yanni Gourde.
2:52 of 3rd period - Shot Misses the Net.
3:01 of 3rd period - Icing by Karl Alzner.
3:02 of 3rd period - Alex Galchenyuk wins face-off versus Jacob Josefson in ANAHEIM zone.
3:24 of 3rd period - Lee Stempniak is hit by Kyle Palmieri and loses puck.
3:26 of 3rd period - Minor Penalty to Karl Alzner for Interference.
3:27 of 3rd period - Kyle Brodziak wins face-off versus Connor McDavid in ANAHEIM zone.
3:38 of 3rd period - Shot by T.J. Oshie.
3:38 of 3rd period - Stopped by Cam Talbot without a rebound.
3:39 of 3rd period - Kyle Palmieri wins face-off versus Connor McDavid in ANAHEIM zone.
3:50 of 3rd period - Shot by Dustin Brown.
3:50 of 3rd period - Stopped by Cam Talbot without a rebound.
3:51 of 3rd period - Evgeny Kuznetsov wins face-off versus T.J. Oshie in ANAHEIM zone.
4:15 of 3rd period - Shot by Oscar Klefbom.
4:15 of 3rd period - Stopped by Cam Talbot without a rebound.
4:16 of 3rd period - Connor McDavid wins face-off versus Alex Galchenyuk in ANAHEIM zone.
4:31 of 3rd period - Shot by Alex Galchenyuk.
4:31 of 3rd period - Stopped by Cam Talbot without a rebound.
4:32 of 3rd period - Connor McDavid wins face-off versus Kyle Brodziak in ANAHEIM zone.
4:51 of 3rd period - Shot by Aaron Ekblad.
4:51 of 3rd period - Shot Blocked by Erik Gudbranson.
5:14 of 3rd period - Shot by T.J. Oshie.
5:14 of 3rd period - Shot Misses the Net.
5:40 of 3rd period - Shot by Luke Glendening.
5:40 of 3rd period - Stopped by Cam Talbot without a rebound.
5:41 of 3rd period - Connor McDavid wins face-off versus Alex Galchenyuk in ANAHEIM zone.
5:46 of 3rd period - Ben Lovejoy is hit by Dustin Brown and loses puck.
6:07 of 3rd period - Shot by Kyle Palmieri.
6:07 of 3rd period - Deflect By Alex Galchenyuk.
6:07 of 3rd period - Stopped by Cam Talbot with a rebound.
6:23 of 3rd period - Shot by Thomas Vanek.
6:23 of 3rd period - Shot Blocked by Josh Gorges.
7:10 of 3rd period - Shot by T.J. Oshie.
7:10 of 3rd period - Stopped by Cam Talbot without a rebound.
7:11 of 3rd period - Jacob Josefson wins face-off versus Luke Glendening in ANAHEIM zone.
7:20 of 3rd period - Shot by Alexandre Burrows.
7:20 of 3rd period - Shot Blocked by Aaron Ekblad.
7:22 of 3rd period - Shot by Kris Russell.
7:22 of 3rd period - Goal by Kris Russell - ANAHEIM : 2 - DETROIT : 3.
7:23 of 3rd period - Andrew Shaw wins face-off versus Steven Stamkos in neutral zone.
7:39 of 3rd period - Shot by Gustav Nyquist.
7:39 of 3rd period - Shot Blocked by Nick Schultz.
7:41 of 3rd period - Shot by Kris Russell.
7:41 of 3rd period - Goal by Kris Russell - ANAHEIM : 3 - DETROIT : 3.
7:42 of 3rd period - Connor McDavid wins face-off versus Yanni Gourde in neutral zone.
7:51 of 3rd period - Shot by Thomas Vanek.
7:51 of 3rd period - Shot Misses the Net.
8:04 of 3rd period - Shot by Luke Glendening.
8:04 of 3rd period - Shot Blocked by Karl Alzner.
8:27 of 3rd period - Minor Penalty to T.J. Oshie for Hooking.
8:28 of 3rd period - Taylor Hall wins face-off versus Lee Stempniak in DETROIT zone.
9:03 of 3rd period - Shot by Connor McDavid.
9:03 of 3rd period - Shot Blocked by Aaron Ekblad.
9:05 of 3rd period - Shot by Michael Frolik.
9:05 of 3rd period - Shot Blocked by Oscar Klefbom.
9:07 of 3rd period - Shot by Lee Stempniak.
9:07 of 3rd period - Shot Misses the Net.
10:24 of 3rd period - Icing by Lee Stempniak.
10:25 of 3rd period - Taylor Hall wins face-off versus Connor McDavid in ANAHEIM zone.
10:33 of 3rd period - Shot by Yanni Gourde.
10:33 of 3rd period - Shot Misses the Net.
10:37 of 3rd period - Shot by Nick Schultz.
10:37 of 3rd period - Shot Misses the Net.
11:37 of 3rd period - Shot by Steven Stamkos.
11:37 of 3rd period - Stopped by Cam Talbot with a rebound.
11:39 of 3rd period - Shot by Steven Stamkos.
11:39 of 3rd period - Stopped by Cam Talbot without a rebound.
11:40 of 3rd period - Andrew Shaw wins face-off versus Alex Galchenyuk in ANAHEIM zone.
11:55 of 3rd period - Shot by Alex Galchenyuk.
11:55 of 3rd period - Goal by Alex Galchenyuk - ANAHEIM : 3 - DETROIT : 4.
11:56 of 3rd period - Jacob Josefson wins face-off versus Kyle Brodziak in neutral zone.
12:54 of 3rd period - Shot by Taylor Hall.
12:54 of 3rd period - Stopped by Cam Talbot without a rebound.
12:55 of 3rd period - Kyle Palmieri wins face-off versus David Perron in ANAHEIM zone.
12:58 of 3rd period - Shot by Alex Galchenyuk.
12:58 of 3rd period - Stopped by Cam Talbot without a rebound.
12:59 of 3rd period - Steven Stamkos wins face-off versus Connor McDavid in ANAHEIM zone.
13:08 of 3rd period - Shot by Steven Stamkos.
13:08 of 3rd period - Stopped by Cam Talbot without a rebound.
13:09 of 3rd period - Sam Reinhart wins face-off versus Alex Galchenyuk in ANAHEIM zone.
13:16 of 3rd period - Shot by Michael Frolik.
13:16 of 3rd period - Stopped by Michael Hutchinson without a rebound.
13:17 of 3rd period - Evgeny Kuznetsov wins face-off versus Steven Stamkos in DETROIT zone.
13:48 of 3rd period - Shot by Connor McDavid.
13:48 of 3rd period - Stopped by Michael Hutchinson without a rebound.
13:49 of 3rd period - Sam Reinhart wins face-off versus Alex Galchenyuk in DETROIT zone.
13:57 of 3rd period - Sam Reinhart is hit by Josh Gorges and loses puck.
14:11 of 3rd period - Icing by Josh Gorges.
14:12 of 3rd period - Jacob Josefson wins face-off versus Alex Galchenyuk in DETROIT zone.
14:12 of 3rd period - Jacob Josefson is hit by Josh Gorges.
15:07 of 3rd period - Icing by Taylor Hall.
15:08 of 3rd period - Steven Stamkos wins face-off versus Thomas Vanek in DETROIT zone.
15:23 of 3rd period - Shot by Steven Stamkos.
15:23 of 3rd period - Shot Misses the Net.
16:30 of 3rd period - Connor McDavid is hit by Nick Schultz and loses puck.
16:42 of 3rd period - Shot by Luke Glendening.
16:42 of 3rd period - Shot Blocked by Connor McDavid.
17:16 of 3rd period - Josh Gorges is hit by David Perron and loses puck.
17:38 of 3rd period - Icing by Ryan Murray.
17:39 of 3rd period - Lee Stempniak wins face-off versus Alex Galchenyuk in DETROIT zone.
17:51 of 3rd period - Shot by Alexandre Burrows.
17:51 of 3rd period - Deflect By Lee Stempniak.
17:51 of 3rd period - Stopped by Michael Hutchinson without a rebound.
17:52 of 3rd period - Andrew Shaw wins face-off versus Steven Stamkos in DETROIT zone.
18:05 of 3rd period - Shot by Taylor Hall.
18:05 of 3rd period - Goal by Taylor Hall - ANAHEIM : 3 - DETROIT : 5.
18:06 of 3rd period - Luke Glendening wins face-off versus Sam Reinhart in neutral zone.
18:08 of 3rd period - Yanni Gourde is hit by Ben Lovejoy and loses puck.
18:55 of 3rd period - Off-side.
18:56 of 3rd period - Steven Stamkos wins face-off versus Lee Stempniak in neutral zone.
18:59 of 3rd period - Shot by Taylor Hall.
18:59 of 3rd period - Shot Blocked by Kris Russell.
19:01 of 3rd period - Shot by Oscar Klefbom.
19:01 of 3rd period - Shot Misses the Net.
19:03 of 3rd period - Shot by T.J. Oshie.
19:03 of 3rd period - Shot Blocked by Erik Gudbranson.
19:05 of 3rd period - Shot by Aaron Ekblad.
19:05 of 3rd period - Goal by Aaron Ekblad - ANAHEIM : 3 - DETROIT : 6.
19:06 of 3rd period - Gustav Nyquist wins face-off versus Taylor Hall in neutral zone.
19:28 of 3rd period - Shot by Steven Stamkos.
19:28 of 3rd period - Deflect By T.J. Oshie.
19:28 of 3rd period - Shot Misses the Net.
19:36 of 3rd period - Shot by Steven Stamkos.
19:36 of 3rd period - Shot Misses the Net.
19:38 of 3rd period - Shot by T.J. Oshie.
19:38 of 3rd period - Shot Blocked by Erik Gudbranson.
19:40 of 3rd period - Shot by Steven Stamkos.
19:40 of 3rd period - Stopped by Cam Talbot with a rebound.
19:42 of 3rd period - Shot by Taylor Hall.
19:42 of 3rd period - Stopped by Cam Talbot with a rebound.
19:52 of 3rd period - Shot by Taylor Hall.
19:52 of 3rd period - Stopped by Cam Talbot with a rebound.
Goals for this period are 2 for ANAHEIM vs 3 for DETROIT.
Shots for this period are 6 for ANAHEIM vs 19 for DETROIT.